 Dungeon Crawl Stone Soup version 0.30.1-4-g462c640d31 (webtiles) character file.

Game seed: 6133355529034946370

1824 spardeous the Magician (level 8, 0/57 HPs)
             Began as a Demigod Earth Elementalist on Aug 14, 2023.
             Slain by a vampire mosquito (3 damage)
             ... on level 7 of the Dungeon.
             The game lasted 00:05:58 (6081 turns).

spardeous the Magician (Demigod Earth Elementalist) Turns: 6081, Time: 00:05:59

Health: 0/57       AC:  9    Str:  9    XL:     8   Next: 55%
Magic:  11/23      EV: 10    Int: 25    God:
Gold:   320        SH:  0    Dex: 14    Spells: 14/22 levels left

rFire   . . .        (no weapon)
rCold   + . .        (no shield)
rNeg    . . .        e - +0 ring mail {rC+}
rPois   +            w - +1 helmet of the Game Afoot {Rampage Slay-4 Stlth+}
rElec   .            j - +0 cloak
rCorr   .            (no gloves)
SInv    .            F - +0 pair of boots
Will    .....        s - amulet of the acrobat
Stlth   ++           u - ring of poison resistance
HPRegen 0.29/turn    (no ring)
MPRegen 0.18/turn

%: acrobat, rampage
@: very slightly contaminated, hasted, very quick
A: high MP 1, forlorn, divine attributes
a: no special abilities


You were on level 7 of the Dungeon.
You visited 1 branch of the dungeon, and saw 7 of its levels.

You collected 320 gold pieces.

Inventory:

Armour
 e - a +0 ring mail of cold resistance (worn)
 j - a +0 cloak (worn)
 w - the +1 helmet of the Game Afoot (worn) {Rampage Slay-4 Stlth+}
   (You found it on level 4 of the Dungeon)

   Slay:      It affects your accuracy & damage with ranged weapons and melee
   (-4).
   Rampage:   It bestows one free step when moving towards enemies.
   Stlth:     It makes you more stealthy.
 F - a +0 pair of boots (worn)
Jewellery
 g - an amulet of guardian spirit
 s - an amulet of the acrobat (around neck)
 u - a ring of poison resistance (left hand)
Wands
 y - a wand of charming (14)
 C - a wand of flame (25)
Scrolls
 c - 5 scrolls of teleportation {unknown}
 f - 10 scrolls of identify {unknown}
 i - 2 scrolls of poison {unknown}
 o - a scroll of butterflies {unknown}
 p - a scroll of enchant armour {unknown}
 q - 3 scrolls of blinking {unknown}
 r - a scroll of fog {unknown}
 v - 2 scrolls of vulnerability {unknown}
 x - 5 scrolls of noise {unknown}
 z - 2 scrolls of brand weapon {unknown}
 A - 2 scrolls of immolation {unknown}
 B - 2 scrolls of fear {unknown}
 D - a scroll of amnesia {unknown}
 E - a scroll of enchant weapon {unknown}
Potions
 b - 2 potions of magic
 d - a potion of degeneration {unknown}
 h - 4 potions of might {unknown}
 k - 2 potions of berserk rage {unknown}
 l - 3 potions of haste
 m - 4 potions of curing {unknown}
 n - a potion of invisibility {unknown}
 t - a potion of cancellation {unknown}


   Skills:
 - Level 1.7 Dodging
 - Level 1.7 Stealth
 + Level 7.6 Spellcasting
 - Level 5.2 Conjurations
 - Level 0.8 Transmutations
 - Level 4.6 Earth Magic


You had 14 spell levels left.
You knew the following spells:

 Your Spells              Type           Power      Damage    Failure   Level
a - Sandblast             Erth           64%        2d14      2%          1
b - Stone Arrow           Conj/Erth      68%        3d11      7%          3
c - Petrify               Tmut/Erth      23%        N/A       50%         4

Your spell library contained the following spells:

 Spells                   Type           Power      Damage    Failure   Level
 Passwall                 Tmut/Erth      19%        N/A       9%          2
 Lesser Beckoning         Tloc           18%        N/A       26%         2
 Gell's Gravitas          Tloc           9%         N/A       45%         3
 Teleport Other           Tloc           9%         N/A       45%         3


Dungeon Overview and Level Annotations

Branches:
Dungeon (7/15)
 Temple: D:4-7

Shops:
D:1 !(*

Annotations:
D:5 3 runed translucent doors, Drain's ghost, novice OpCj; Urgle's ghost, novice OpFE; croobank's ghost, weakling OpDe; justen's ghost, weakling TrDe


Innate Abilities, Weirdness & Mutations

You have an increased reservoir of magic. (+10% MP)
You shall have no god before yourself.
Your divine heritage dramatically boosts your attributes as you level up.


Message History

Aiming: Sandblast (safe; 2% risk of failure)
Press: ? - help, Shift-Dir - straight line, f - vampire mosquito
Aim: a vampire mosquito (73% to hit)
The blast of sand hits the vampire mosquito.
The vampire mosquito is lightly damaged.
The vampire mosquito barely misses you. The vampire mosquito bites you!
* * * LOW HITPOINT WARNING * * *
The vampire mosquito draws strength from your injuries!
The vampire mosquito bites you.
* * * LOW HITPOINT WARNING * * *
The vampire mosquito draws strength from your injuries!
You take 11 damage, and have 9/57 hp.
You now have 13/23 mp.
There are monsters nearby!
Casting: Sandblast (safe; 2% risk of failure)
Confirm with . or Enter, or press ? or * to list all spells.
Aiming: Sandblast (safe; 2% risk of failure)
Press: ? - help, Shift-Dir - straight line, f/p - vampire mosquito
Aim: a vampire mosquito (73% to hit)
You miscast Sandblast.
You are very lightly contaminated with residual magic.
Nothing appears to happen.
The vampire mosquito bites you but does no damage.
The vampire mosquito bites you!
* * * LOW HITPOINT WARNING * * *
The vampire mosquito draws strength from your injuries!
You take 7 damage, and have 2/57 hp.
You now have 12/23 mp.
There are monsters nearby!
Casting: Sandblast (safe; 2% risk of failure)
Confirm with . or Enter, or press ? or * to list all spells.
Aiming: Sandblast (safe; 2% risk of failure)
Press: ? - help, Shift-Dir - straight line, f/p - vampire mosquito
Aim: a vampire mosquito (73% to hit)
The blast of sand hits the vampire mosquito!
The vampire mosquito is heavily damaged.
The vampire mosquito bites you but does no damage. x2
The vampire mosquito misses you.
You now have 11/23 mp.
It was a potion of haste.
You feel yourself speed up. The vampire mosquito bites you.
You die...

###############
#..<...@yy....#
##.##########.#
#..........#
#..##....#.#
#..#<....#
#.(#.....#
#..#.....+
#..##....#
#..#.......


You could see 2 vampire mosquitoes.

Vanquished Creatures
  2 vampire mosquitoes (D:7)
  2 water moccasins
  A black bear (D:5)
  2 ogres
  A bullfrog (D:6)
  6 scorpions
  2 electric eels (D:5)
  2 howler monkeys (D:6)
  4 hounds
  A jelly (D:5)
  2 sleepcaps
  6 iguanas
  9 adders
  2 white imps
  3 worms
  4 dart slugs
  5 orcs
  3 ball pythons
  A bat (D:1)
  6 endoplasms
  2 giant cockroaches
  12 goblins
  7 hobgoblins
  3 jackals (D:3)
  4 quokkas
  2 frilled lizards
  8 kobolds
  6 rats
108 creatures vanquished.

Notes
Turn   | Place    | Note
-------+----------+-------------------------------------------
     0 | D:1      | spardeous the Demigod Earth Elementalist began the quest
                  | for the Orb.
     0 | D:1      | Reached XP level 1. HP: 14/14 MP: 5/5
    71 | D:1      | Reached skill level 2 in Spellcasting
   103 | D:1      | Found Meigum's Distillery.
   230 | D:1      | Reached XP level 2. HP: 18/20 MP: 0/7
   499 | D:1      | Found Xepem's Weapon Emporium.
   565 | D:1      | Found Zinute's Assorted Antiques.
  1311 | D:2      | Reached XP level 3. HP: 26/26 MP: 2/9
  2387 | D:2      | Learned a level 3 spell: Stone Arrow
  2419 | D:3      | Reached skill level 3 in Spellcasting
  2419 | D:3      | Reached XP level 4. HP: 33/33 MP: 8/11
  2899 | D:4      | Noticed an ogre
  2911 | D:4      | Killed an ogre
  2912 | D:4      | Reached XP level 5. HP: 18/38 MP: 7/13
  3283 | D:4      | Identified the +1 helmet of the Game Afoot {Rampage Slay-4
                  | Stlth+}
  3301 | D:4      | Reached skill level 1 in Conjurations
  3490 | D:4      | Reached XP level 6. HP: 45/45 MP: 7/14
  3649 | D:5      | Entered Level 5 of the Dungeon
  3724 | D:5      | Found a transporter.
  3954 | D:5      | Found a runed translucent gate.
  3955 | D:5      | Found a runed translucent gate.
  3955 | D:5      | Found a runed translucent gate.
  3956 | D:5      | Noticed croobank's ghost (weakling OpDe)
  3956 | D:5      | Noticed justen's ghost (weakling TrDe)
  3961 | D:5      | Noticed Drain's ghost (novice OpCj)
  3961 | D:5      | Noticed Urgle's ghost (novice OpFE)
  3990 | D:5      | Found a transporter.
  4194 | D:5      | Reached XP level 7. HP: 42/50 MP: 12/15
  4236 | D:5      | Reached skill level 5 in Conjurations
  4735 | D:5      | Reached skill level 4 in Spellcasting
  5101 | D:5      | Reached skill level 5 in Spellcasting
  5432 | D:6      | Reached XP level 8. HP: 57/57 MP: 15/20
  5485 | D:6      | Reached skill level 6 in Spellcasting
  5908 | D:6      | Reached skill level 7 in Spellcasting
  6057 | D:7      | Learned a level 4 spell: Petrify
  6079 | D:7      | HP: 2/57 [vampire mosquito (7)]
  6081 | D:7      | Slain by a vampire mosquito

Illustrated notes

Levels and vault maps discovered:
D:1:      dpeg_arrival_morbid_curiosity, layout_loops_ring, serial_shops, shop,
          nicolae_shop_tiny_glass, nicolae_shop_real_fake_doors
D:2:      layout_loops_corners, kennysheep_generic_room_4
D:3:      layout_rooms, mainiacjoe_overflow_paths,
          mainiacjoe_overflow_cross_hatched
D:4:      layout_gridville
D:5:      gammafunk_steamed_eel, layout_layer_cave,
          gammafunk_temple_overflow_claw, gammafunk_ghost_cemetery,
          serial_glass, glass_columns_b, glass_columns_b,
          minmay_strange_pillars, grunt_ministairs_12, minmay_pentangle
D:6:      layout_gridville, mainiacjoe_overflow_alcove_1,
          mainiacjoe_overflow_surrounded_room, chei_slow_surprise,
          minmay_ogre_servants
D:7:      layout_basic, marbit_many_paths, vehumet_crystals,
          lemuel_temple_firewalk_b, uniq_joseph

Skill      XL: |  1  2  3  4  5  6  7  8 |
---------------+-------------------------+-----
Spellcasting   | 2 3 5 7 |  7.6
Earth Magic    | 3 4 |  4.6
Conjurations   | 2 4 5 |  5.2
Dodging        | |  1.7
Stealth        | |  1.7
Transmutations | |  0.8

Action                     |  1- 3 |  4- 6 |  7- 9 || total
---------------------------+-------+-------+-------++-------
  Melee: Unarmed           |       |     1 |       ||     1
   Cast: Sandblast         |    66 |    68 |    72 ||   206
         Stone Arrow       |       |       |     2 ||     2
    Use: Potion            |       |       |     1 ||     1
 Armour: Ring mail         |     5 |    14 |    19 ||    38
  Dodge: Dodged            |    14 |    23 |    22 ||    59
